 Dungeon Crawl Stone Soup version 0.31-a0-496-g6f97920a28 (webtiles) character file.

Game seed: 7687701184171785306

70 AstroCodex24 the Covered (level 3, -7/31 HPs)
             Began as a Demigod Fighter on Aug 8, 2023.
             Mangled by an orc
             ... wielding a +0 flail
              (8 damage)
             ... on level 3 of the Dungeon.
             The game lasted 00:05:38 (1460 turns).

AstroCodex24 the Covered (Demigod Fighter)          Turns: 1460, Time: 00:05:38

Health: -7/31      AC:  6    Str: 21    XL:     3   Next: 77%
Magic:  5/5        EV:  9    Int: 10    God:
Gold:   65         SH:  4    Dex: 13    Spells: 2/2 levels left

rFire   x . .        a - +0 war axe
rCold   + . .        c - +0 buckler
rNeg    . . .        b - +0 scale mail
rPois   .            (no helmet)
rElec   .            (no cloak)
rCorr   .            (no gloves)
SInv    .            (no boots)
Will    .....        (no amulet) Stlth
                     j - ring of ice
HPRegen 0.25/turn    (no ring)
MPRegen 0.09/turn

%: no passive effects
@: no status effects
A: high MP 1, forlorn, divine attributes
a: no special abilities


You were on level 3 of the Dungeon.
You visited 1 branch of the dungeon, and saw 3 of its levels.

You collected 65 gold pieces.

Inventory:

Hand Weapons
 a - a +0 war axe (weapon)
Armour
 b - a +0 scale mail (worn)
 c - a +0 buckler (worn)
Jewellery
 j - a ring of ice (left hand)
Scrolls
 e - 2 scrolls of poison {unknown}
 g - a scroll of vulnerability {unknown}
 i - a scroll of amnesia {unknown}
Potions
 d - 3 potions of might
 f - a potion of enlightenment {unknown}
 h - a potion of curing {unknown}


   Skills:
 + Level 3.0 Fighting
 + Level 2.7 Axes
 + Level 3.1 Armour
 + Level 0.2 Dodging
 + Level 3.1 Shields


You had 2 spell levels left.
You didn't know any spells.
Your spell library contained the following spells:

 Spells                   Type           Power      Damage    Failure   Level
 Kiss of Death            Conj/Necr      0%         2d5       77%         1
 Confusing Touch          Hex            0%         N/A       98%         3
 Dispel Undead            Necr           0%         3d6       100%        4
 Summon Forest            Summ/Tloc      0%         N/A       100%        5
 Summon Mana Viper        Hex/Summ       0%         N/A       100%        5
 Summon Cactus Giant      Summ           0%         N/A       100%        6


Dungeon Overview and Level Annotations

Branches:
Dungeon (3/15)


Innate Abilities, Weirdness & Mutations

You have an increased reservoir of magic. (+10% MP)
You shall have no god before yourself.
Your divine heritage dramatically boosts your attributes as you level up.


Message History

You kill the orc!
Items here: ( )))))) [[[[[ †††††. 2 orcs come into view.
The orc shouts!
The orc moves out of view.
A giant cockroach comes into view.
You hit the orc but do no damage. The orc hits you with a +0 club.
* * * LOW HITPOINT WARNING * * *
The orc hits you but does no damage. The orc barely misses you.
You slash the orc!
You kill the orc!
You hit the orc. The orc barely misses you.
The orc hits you with a +0 short sword.
* * * LOW HITPOINT WARNING * * *
An orc comes into view. It is wielding a +0 flail.
Things that are here:
a +0 club; a +0 ring mail The giant cockroach attacks as you move away!
The giant cockroach barely misses you. The orc hits you but does no damage.
The orc throws a boomerang.
The boomerang closely misses you. The orc hits you but does no damage.
The orc attacks as you move away! You block the orc's attack.
The orc hits you but does no damage. The orc hits you with a +0 flail.
* * * LOW HITPOINT WARNING * * *
The orc attacks as you move away! You block the orc's attack.
The giant cockroach waves its antennae.
The orc attacks as you move away! You block the orc's attack.
You closely miss the orc.
The orc is moderately wounded.
The orc throws a boomerang.
The boomerang hits you.
* * * LOW HITPOINT WARNING * * *
The orc hits you but does no damage.
You barely miss the orc. x2; The orc barely misses you.
The orc closely misses you.
You barely miss the orc. You hit the orc. The orc closely misses you.
The orc hits you with a +0 flail.
* * * LOW HITPOINT WARNING * * *
The orc hits you with a +0 flail!
You die...

#####.##
####.......
#..........
#.##.##...#
####)##.##.<##
#.......##..#
#.##.#####..#
#####.##.#####..##
#@oB....)........#
#o###.###.###.....
#.....# #.# ...
#..#... #.# .
#.........'
#.#....##.#
#.#.#.###.#
#...... ..#


You could see 2 orcs and a giant cockroach.

Vanquished Creatures
  An adder (D:3)
  2 worms
  A dart slug (D:1)
  7 orcs (D:3)
  An endoplasm (D:1)
  4 giant cockroaches
  5 goblins
  4 hobgoblins
  2 jackals (D:3)
  2 quokkas (D:1)
  4 ball pythons
  2 bats (D:1)
  2 frilled lizards (D:1)
  2 kobolds
  3 rats
42 creatures vanquished.

Notes
Turn   | Place    | Note
-------+----------+-------------------------------------------
     0 | D:1      | AstroCodex24 the Demigod Fighter began the quest for the
                  | Orb.
     0 | D:1      | Reached XP level 1. HP: 18/18 MP: 3/3
   276 | D:1      | Reached XP level 2. HP: 25/25 MP: 4/4
  1083 | D:2      | Reached XP level 3. HP: 28/30 MP: 5/5
  1458 | D:3      | HP: 1/31 [orc/boomerang (3)]
  1460 | D:3      | Mangled by an orc

Illustrated notes

Levels and vault maps discovered:
D:1:      lightli_molten_gateway, layout_basic, kennysheep_boxes
D:2:      layout_basic, shapermc_ecumenical_altar_starsandcircs
D:3:      layout_loops_corners, dreamdust_divine_triumvirate

Skill      XL: |  1  2  3 |
---------------+----------+-----
Armour         | 3 |  3.1
Shields        | 3 |  3.1
Axes           | 2 |  2.7
Fighting       | 3 |  3.0
Dodging        | |  0.2

Action                     || total
---------------------------++-------
  Melee: War axe           ||   137
 Armour: Scale mail        ||    77
  Dodge: Dodged            ||    75
  Block: Buckler           ||    40

Table legend: (Time is in decaauts)
 A = Elapsed time spent in this place.
 B = Non-inter-level travel time spent in this place.
 C = Inter-level travel time spent in this place.
 D = Time resting spent in this place.
 E = Time spent auto-exploring this place.
 F = Levels seen in this place.
 G = Mean time per level.
                   A        B        C        D        E       F      G
               +--------+--------+--------+--------+--------+-----+--------+
         Total |   1523 |   1355 |    168 |      0 |      0 |   3 |  507.7 |
       Dungeon |   1523 |   1355 |    168 |      0 |      0 |   3 |  507.7 |
               +--------+--------+--------+--------+--------+-----+--------+

Top non-repeatable levels by time:
     D:1: 1022 daAuts
     D:3: 386 daAuts
     D:2: 114 daAuts
